 Dungeon Crawl Stone Soup version 0.23.2 (webtiles) character file.

Game seed: 11619435201805918550

380 Borgoz the Ducker (level 6, -2/45 HPs)
             Began as a Ghoul Enchanter on Apr 4, 2019.
             Slain by a worm (3 damage)
             ... on level 5 of the Dungeon.
             The game lasted 00:09:03 (5063 turns).

Borgoz the Ducker (Ghoul Enchanter)                 Turns: 5063, Time: 00:09:04

Health: -2/45      AC:  8    Str: 12    XL:     6   Next: 75%
Magic:  7/7        EV: 12    Int: 10    God:
Gold:   296        SH:  0    Dex: 11    Spells: 2/8 levels left

rFire    . . .     SeeInvis .   a - +1 dagger
rCold    + . .     Gourm    .   (no shield)
rNeg     + + +     Faith    .   e - +0 ring mail
rPois    ∞         Spirit   .   p - +0 helmet
rElec    .         Reflect  .   g - +0 cloak
rCorr    .         Harm     .   (no gloves)
MR       .....                  m - +0 pair of boots
Stlth    ++........             (no amulet)
HPRegen  0.00/turn              (no ring)
MPRegen  0.10/turn              (no ring)

@: flying, rotting
A: rotting body, claws 1, carnivore, cold resistance 1, negative energy
resistance 3, inhibited regeneration, torment resistance, unbreathing
a: no special abilities


You were on level 5 of the Dungeon.
You were near starving.

You visited 1 branch of the dungeon, and saw 5 of its levels.

You collected 296 gold pieces.

Inventory:

Hand Weapons
 a - a +1 dagger (weapon)
Armour
 e - a +0 ring mail (worn)
 g - a +0 cloak (worn)
 m - a +0 pair of boots (worn)
 p - a +0 helmet (worn)
Scrolls
 c - a scroll of fear {unknown}
 f - a scroll of identify
 h - a scroll of remove curse {unknown}
 i - 4 scrolls of teleportation
 k - a scroll of fog {unknown}
 l - 2 scrolls of enchant weapon {unknown}
 n - 2 scrolls of immolation {unknown}
 o - a scroll of enchant armour {unknown}
 q - 2 scrolls of random uselessness {unknown}
 r - a scroll of amnesia {unknown}
Potions
 b - a potion of berserk rage
 j - a potion of cancellation
 s - a potion of curing
Comestibles
 d - 9 rations


   Skills:
 * Level 4.3 Short Blades
 * Level 4.6 Dodging
 - Level 3.2 Stealth
 - Level 1.7 Spellcasting
 - Level 2.4 Hexes


You had 2 spell levels left.
You knew the following spells:

 Your Spells              Type           Power        Failure   Level  Hunger
a - Corona                Hex            #......      26%         1    ##.....
b - Ensorcelled Hibernat  Hex/Ice        #.....       56%         2    ###....
c - Confuse               Hex            #.......     63%         3    ####...

Your spell library contained the following spells:

 Spells                   Type           Power        Failure   Level  Hunger
 Tukima's Dance           Hex            #.......     63%         3    ####...
 Dazzling Spray           Conj/Hex       #.....       80%         3    ####...


Dungeon Overview and Level Annotations

Branches:
Dungeon (5/15)             Temple (0/1) D:4

Altars:
Okawaru
Qazlal


Innate Abilities, Weirdness & Mutations

Your body is rotting away.
You thrive on raw meat.
You are immune to poison.
You have sharp fingernails.
You are carnivorous and can eat meat at any time.
Your flesh is cold resistant. (rC+)
You are immune to negative energy. (rN+++)
You do not regenerate when monsters are visible.
You are immune to unholy pain and torment.
You can survive without breathing.


Message History

The ogre is severely wounded.
The ogre misses you.
The adder zombie bites you but does no damage.
You hit the ogre but do no damage.
The ogre is severely wounded.
The adder zombie bites you but does no damage.
You hit the ogre but do no damage.
The ogre is severely wounded.
The ogre hits you with a +0 giant spiked club!
* * * LOW HITPOINT WARNING * * *
The adder zombie barely misses you.
You feel much better.
The ogre hits you with a +0 giant spiked club!!
* * * LOW HITPOINT WARNING * * *
The adder zombie barely misses you. The worm bites you.
* * * LOW HITPOINT WARNING * * *
The adder zombie closely misses you.
The adder zombie bites you but does no damage.
The worm bites you.
You die...

########
#......#
#......#
#......#
#......#
#......#
#......#
#...OZ@#
#....w.#+####...
#.......<.......
#######......w..
#.........
#.........
#.........
#.........
#.........


You could see an ogre, a worm and an adder zombie.

Vanquished Creatures
  A sky beast (D:4)
  A howler monkey (D:4)
  A bullfrog zombie (D:4)
  Terence (D:2)
  A worker ant (D:4)
  Robin (D:2)
  8 adders
  A worm (D:4)
  A dart slug (D:2)
  3 orcs
  2 giant cockroaches
  13 goblins
  13 hobgoblins
  5 jackals
  12 kobolds
  A ball python (D:4)
  11 bats
  4 frilled lizards
  10 rats
90 creatures vanquished.

Notes
Turn   | Place    | Note
-------+----------+-------------------------------------------
     0 | D:1      | Borgoz the Ghoul Enchanter began the quest for the Orb.
     0 | D:1      | Reached XP level 1. HP: 14/14 MP: 2/2
    26 | D:1      | Reached skill level 1 in Short Blades
   270 | D:1      | Reached XP level 2. HP: 13/20 MP: 3/3
   575 | D:1      | Reached XP level 3. HP: 18/26 MP: 4/4
  1189 | D:2      | Found a stormy altar of Qazlal.
  1256 | D:2      | Noticed Terence
  1291 | D:2      | Killed Terence
  1291 | D:2      | Reached XP level 4. HP: 22/33 MP: 5/5
  1413 | D:2      | Learned a level 2 spell: Ensorcelled Hibernation
  1417 | D:2      | Learned a level 3 spell: Confuse
  2405 | D:3      | Reached XP level 5. HP: 28/38 MP: 6/6
  2685 | D:3      | Noticed Robin
  2873 | D:2      | Killed Robin
  3108 | D:3      | Found an iron altar of Okawaru.
  4211 | D:4      | Reached XP level 6. HP: 39/45 MP: 7/7
  4293 | D:4      | Found a staircase to the Ecumenical Temple.
  4475 | D:4      | Noticed a sky beast
  4498 | D:4      | Killed a sky beast
  5041 | D:5      | Entered Level 5 of the Dungeon
  5061 | D:5      | HP: 1/45 [worm (3)]
  5063 | D:5      | Slain by a worm

Skill      XL: |  1  2  3  4  5  6 |
---------------+-------------------+-----
Short Blades   | 1 2 3 4 |  4.3
Dodging        | 2 3 4 |  4.6
Stealth        | |  3.2
Spellcasting   | |  1.7
Hexes          | |  2.4

Action                   |  1- 3 |  4- 6 || total
-------------------------+-------+-------++-------
Melee: Dagger            |   212 |   419 ||   631
 Cast: Ensorcelled Hiber |       |     2 ||     2
  Use: Potion            |     2 |     2 ||     4
       Scroll            |       |     5 ||     5
 Stab: Sleeping          |     1 |     5 ||     6
  Eat: Chunk             |    19 |    17 ||    36
Armor: Ring mail         |    84 |   158 ||   242
       Robe              |     3 |       ||     3
Dodge: Dodged            |   127 |   232 ||   359
